 Dungeon Crawl Stone Soup version 0.28.0-43-g3370ac3207 (webtiles) character file.

Game seed: 1021347720636321416

3018 Peloso the Carver (level 9, -1/81 HPs)
             Began as a Minotaur Fighter on Mar 20, 2022.
             Was a Priest of Okawaru.
             Succumbed to a kobold brigand's curare-tipped dart
             ... on level 6 of the Dungeon.
             The game lasted 00:11:06 (9026 turns).

Peloso the Carver (Minotaur Fighter)                Turns: 9026, Time: 00:11:06

Health: -1/81      AC: 12    Str: 22    XL:     9   Next: 55%
Magic:  8/8        EV:  8    Int:  5    God:    Okawaru [***...]
Gold:   225        SH:  5    Dex: 13    Spells: 8/8 levels left

rFire   . . .      SeeInvis .   a - +0 long sword
rCold   . . .      Faith    .   c - +0 buckler
rNeg    . . .      Spirit   .   j - +0 chain mail
rPois   .          Reflect  .   (helmet restricted)
rElec   .          Harm     .   (no cloak)
rCorr   .          Rampage  .   n - +0 pair of gloves
Will    .....                   (no boots)
Stlth   ..........              (no amulet)
HPRegen 0.23/turn               (no ring)
MPRegen 0.11/turn               (no ring)

@: lethally poisoned (-1 -> -5), slowed, very slow
A: horns 2, retaliatory headbutt
a: Renounce Religion, Heroism


You were on level 6 of the Dungeon.
You worshipped Okawaru.
Okawaru was most pleased with you.
You visited 2 branches of the dungeon, and saw 8 of its levels.

You collected 225 gold pieces.

Inventory:

Hand Weapons
 a - a +0 long sword (weapon)
 b - a +2 whip of flaming
Armour
 c - a +0 buckler (worn)
 j - a +0 chain mail (worn)
 n - a +0 pair of gloves (worn)
Jewellery
 s - a ring of fire
 v - a ring of fire
 x - a ring of wizardry
Wands
 w - a wand of polymorph (12)
Scrolls
 d - a scroll of enchant armour
 e - a scroll of amnesia
 h - 2 scrolls of enchant weapon
 i - 2 scrolls of fog
 l - 3 scrolls of teleportation
 m - 2 scrolls of magic mapping
 p - a scroll of silence
 q - a scroll of immolation
 t - a scroll of fear
 u - a scroll of noise {unknown}
Potions
 f - 2 potions of degeneration
 k - a potion of flight


   Skills:
 + Level 7.8 Fighting
 + Level 10.6 Long Blades
 + Level 8.6 Armour
 + Level 2.3 Dodging
 + Level 0.7 Stealth
 + Level 6.2 Shields
 + Level 1.1 Invocations


You had 8 spell levels left.
You didn't know any spells.
Your spell library contained the following spells:

 Spells                   Type           Power      Damage    Failure   Level
 Freeze                   Ice            0%         1d3       99%         1
 Slow                     Hex            0%         N/A       99%         1
 Confusing Touch          Hex            0%         N/A       100%        3
 Frozen Ramparts          Ice            0%         1d2       100%        3
 Vampiric Draining        Necr           0%         2d6       100%        3
 Hailstorm                Conj/Ice       0%         3d3       100%        4
 Iskenderun's Battlesphe  Conj           0%         2d6       100%        5
 Iron Shot                Conj/Erth      0%         9d1       100%        6
 Summon Ice Beast         Ice/Summ       Unusable   N/A       N/A         4
 Summon Mana Viper        Hex/Summ       Unusable   N/A       N/A         5
 Monstrous Menagerie      Summ           Unusable   N/A       N/A         7
 Spellforged Servitor     Conj/Summ      Unusable   N/A       N/A         7

Dungeon Overview and Level Annotations

Branches:
Dungeon (7/15)             Temple (1/1) D:5

Altars:
Ashenzari
Fedhas
Gozag
Hepliaklqana
Kikubaaqudgha
Okawaru
Ru
Uskayaw
Zin
Beogh

Shops:
D:1 (

Annotations:
D:3 3 runed translucent doors, Ablot's ghost, amateur GnWr


Innate Abilities, Weirdness & Mutations

You have a pair of horns on your head.
You reflexively headbutt those who attack you in melee.


Message History

You are poisoned.
You block the kobold brigand's attack.
Unknown command.
You feel very sick.
The howler monkey disappears!
There is a stone staircase leading up, spattered with blood here.
Things that are here:
a +2 whip of flaming; a +0 robe You feel sick.
You climb upwards.
Reactivating autopickup.
You feel very sick.
There is a stone staircase leading down here.
Unknown command.
You feel sick.
You feel sick.
The sky beast hits you but does no damage.
You feel sick.
The kobold brigand throws a curare-tipped dart.
The curare-tipped dart hits you.
You are more poisoned.
You have difficulty breathing.
* * * LOW HITPOINT WARNING * * *
You feel yourself slow down.
Okay, then.
* * * LOW HITPOINT WARNING * * *
You feel very sick.
* * * LOW HITPOINT WARNING * * *
You feel very sick.
The sky beast hits you but does no damage.
* * * LOW HITPOINT WARNING * * *
You feel very sick.
Okay, then.
You hit the sky beast. Your headbutt misses the sky beast.
The sky beast is lightly wounded.
* * * LOW HITPOINT WARNING * * *
You feel sick. The sky beast misses you.
Unknown command.
You slash the sky beast!
The sky beast is heavily wounded.
You die...

..#.......##..#..#..#....#.8..#..
..........##..#.##.[#.......#_.#.
.......>................##.8..#†.
...................#....#....#.).
....##.##..........#....##...##..
....#..#)..........#....##(###..#
.......#...........)....#...#...#
....##.........Y...<.[..#.#...###
..#####........#@...#.........#
....#.#.......................###
.......................##.......#
.......##.........##....#........
........#.>.......###........#...
.....#................#...#.###.#
.....#..............###...### ###
#.......[...........#.....#
..##.....#..........##..###


You could see a sky beast.

Vanquished Creatures
  Pikel (D:7)
  3 steam dragons (D:6)
  An orc warrior (D:5)
  2 ice beasts (D:6)
  2 necrophages
  2 sky beasts (D:6)
  3 ogres
  2 phantoms
  Blork the orc (D:6)
  2 bullfrogs (D:6)
  A gnoll sergeant (D:5)
  2 scorpions
  4 wights
  A centaur zombie (D:6)
  2 hounds
  5 orc priests
  2 iguanas (D:6)
  2 orc wizards (D:5)
  A howler monkey zombie (D:6)
  8 gnolls
  9 adders
  2 white imps
  2 ufetubi
  2 dart slugs
  15 orcs
  8 endoplasms
  3 giant cockroaches
  7 goblins
  8 hobgoblins
  6 jackals (D:5)
  2 quokkas
  10 ball pythons
  5 bats
  A frilled lizard (D:2)
  11 kobolds
  5 rats
143 creatures vanquished.

Notes
Turn   | Place    | Note
-------+----------+-------------------------------------------
     0 | D:1      | Peloso the Minotaur Fighter began the quest for the Orb.
     0 | D:1      | Reached XP level 1. HP: 19/19 MP: 0/0
   189 | D:1      | Reached XP level 2. HP: 27/27 MP: 1/1
   477 | D:1      | Found Toef Goc's Weapon Shop.
   577 | D:1      | Found a faded altar of an unknown god.
   880 | D:2      | Reached XP level 3. HP: 33/33 MP: 2/2
   922 | D:2      | Reached skill level 3 in Long Blades
  1618 | D:2      | You fall into a shaft and drop 1 floor!
  1621 | D:3      | Noticed a scorpion
  1634 | D:3      | Killed a scorpion
  1635 | D:3      | Reached skill level 4 in Long Blades
  1635 | D:3      | Reached skill level 1 in Dodging
  1635 | D:3      | Reached XP level 4. HP: 17/40 MP: 3/3
  2223 | D:3      | Reached XP level 5. HP: 47/47 MP: 4/4
  2254 | D:3      | Reached skill level 5 in Armour
  2505 | D:3      | Found a runed translucent gate.
  2506 | D:3      | Found a runed translucent gate.
  2507 | D:3      | Found a runed translucent gate.
  2512 | D:3      | Noticed Ablot's ghost (amateur GnWr)
  2517 | D:3      | Identified the +10 dagger "Utityd" {spect, rC+ Int-2 Dex+9}
  2517 | D:3      | Identified the +4 scale mail of Ulyrafomi {rPois rN+ Will+
                  | Stlth+}
  3144 | D:3      | Reached skill level 5 in Long Blades
  4017 | D:4      | Noticed an ogre
  4039 | D:4      | Reached XP level 6. HP: 46/53 MP: 5/5
  4849 | D:5      | Entered Level 5 of the Dungeon
  4898 | D:5      | Reached skill level 6 in Long Blades
  4898 | D:5      | Reached XP level 7. HP: 19/60 MP: 6/6
  4950 | D:5      | Reached skill level 5 in Fighting
  5770 | D:5      | Found a staircase to the Ecumenical Temple.
  6029 | Temple   | Entered the Ecumenical Temple
  6046 | Temple   | Became a worshipper of Warmaster Okawaru
  6097 | D:6      | Found a hide-covered altar of Uskayaw.
  6113 | D:6      | Reached skill level 7 in Long Blades
  6133 | D:6      | HP: 1/62 [scorpion (6)]
  6139 | D:6      | Reached skill level 8 in Long Blades
  6139 | D:6      | Reached XP level 8. HP: 27/70 MP: 7/7
  6458 | D:5      | Reached * piety under Okawaru
  6459 | D:5      | Reached skill level 5 in Shields
  7370 | D:5      | Reached skill level 9 in Long Blades
  8322 | D:6      | Reached ** piety under Okawaru
  8323 | D:6      | Reached XP level 9. HP: 78/79 MP: 8/8
  8414 | D:6      | Noticed Blork the orc
  8686 | D:6      | Killed Blork the orc
  8779 | D:6      | Reached skill level 10 in Long Blades
  8784 | D:6      | Reached skill level 1 in Invocations
  8889 | D:6      | Found an ancient bone altar of Kikubaaqudgha.
  8999 | D:7      | Noticed Pikel
  9014 | D:7      | Killed Pikel
  9014 | D:7      | Reached *** piety under Okawaru
  9023 | D:6      | HP: 4/81 [poisoned by a kobold brigand (curare-tipped
                  | dart)]
  9024 | D:6      | HP: 1/81 [poisoned by a kobold brigand (curare-tipped
                  | dart)]
  9026 | D:6      | Succumbed to a kobold brigand's curare-tipped dart

Illustrated notes

Levels and vault maps discovered:
D:1:      psy_arrival_radial01, layout_basic, serial_shops,
          nicolae_shop_bloodbath_and_beyond,
          ebering_ecumenical_altar_sacrificial
D:2:      layout_loops_cross, minmay_domino_2
D:3:      layout_basic, biasface_ghost_orc_armoury
D:4:      layout_basic, serial_co_window_serial, co_window_paths_b,
          co_window_of_opportunity_a, co_window_corner_a, co_window_paths_a,
          co_window_corner_a, co_window_unsneaky_path_a,
          co_window_unsneaky_path_c, co_window_corner_b, co_window_paths_e,
          glass_columns_b, glass_columns_a
D:5:      layout_basic, minmay_temple_entry_enclosed_plants
D:6:      cheibrodos_steamvent, layout_cave_pools,
          mainiacjoe_overflow_small_starburst, minmay_ruined_shrine,
          uniq_blork_the_orc
D:7:      minmay_the_grid_octo_2x2 [minmay_the_grid_octo_vomiting_pacman,
          minmay_the_grid_octo_focus, minmay_the_grid_octo_clover_2,
          minmay_the_grid_octo_prize_single_spiral], layout_cave_pools,
          grunt_tough_drop, uniq_pikel, uniq_joseph, uniq_harold
Temple:   dshaligram_water_room_temple

Skill      XL: |  1  2  3  4  5  6  7  8  9 |
---------------+----------------------------+-----
Armour         | 4 5 6 7 8 |  8.6
Long Blades    | 4 5 6 8 9 10 | 10.6
Fighting       | 4 5 7 |  7.8
Dodging        | 1 2 |  2.3
Shields        | 4 5 6 |  6.2
Invocations    | 1 |  1.1
Stealth        | |  0.7

Action                   |  1- 3 |  4- 6 |  7- 9 || total
-------------------------+-------+-------+-------++-------
Melee: Long sword        |    92 |   112 |   225 ||   429
       Headbutt          |    10 |    10 |    55 ||    75
Invok: Heroism           |       |       |     5 ||     5
  Use: Potion            |       |     1 |     4 ||     5
       Scroll            |       |       |    11 ||    11
Armor: Scale mail        |    41 |       |       ||    41
       Chain mail        |     3 |    64 |   137 ||   204
Dodge: Dodged            |    55 |    60 |    99 ||   214
Block: Buckler           |    35 |    40 |    65 ||   140
